 Seeded DCSS version 0.29-a0-344-ge2f44be95a (webtiles) character file.

Game seed: 1450950038153131384 (custom seed)

1592 zeratav the Destroyer (level 8, -2/46 HPs)
             Began as an Octopode Conjurer on Apr 21, 2022.
             Was an Initiate of Vehumet.
             Slain by a centaur
             ... wielding a +0 trident
              (12 damage)
             ... on level 7 of the Dungeon.
             The game lasted 00:14:05 (7806 turns).

zeratav the Destroyer (Octopode Conjurer)           Turns: 7806, Time: 00:14:05

Health: -2/46      AC:  1    Str:  6 (7)  XL:     8   Next: 93%
Magic:  12/15      EV: 13    Int: 15 (17) God:    Vehumet [......]
Gold:   363        SH:  0    Dex: 13 (16) Spells: 8/16 levels left

rFire   + . .      SeeInvis .   w - +10 hunting sling of Nunluomy {venom, *Slow rPois rC+++ Int-5, sling}
rCold   + + +      Faith    .   (no shield)
rNeg    + . .      Spirit   .   (helmet restricted)
rPois   +          Reflect  .   (no amulet)
rElec   .          Harm     .   l - +6 ring of dexterity
rCorr   .          Rampage  .   o - ring of protection from cold
Will    .....                   G - ring of protection from fire
Stlth   +++.......              B - ring of positive energy
HPRegen 0.15/turn               (no ring)
MPRegen 0.14/turn               (no ring)
                                (no ring)
                                (no ring)

@: no status effects
A: almost no armour, amphibious, 8 rings, camouflage 1, gelatinous body 1,
(nimble swimmer 1), tentacles
a: Renounce Religion


You were on level 7 of the Dungeon.
You worshipped Vehumet.
Vehumet was noncommittal.
You visited 2 branches of the dungeon, and saw 8 of its levels.

You collected 363 gold pieces.


Innate Abilities, Weirdness & Mutations

You cannot wear most types of armour.
You are amphibious.
You can wear up to eight rings at the same time.
Your skin changes colour to match your surroundings (Stealth+).
Your rubbery body absorbs attacks. (AC +1, EV +1)
((You are camouflaged when in or above water. (Stealth+)))
You have tentacles for arms and can constrict up to eight enemies at once.


   Skills:
 - Level 2.0 Dodging
 - Level 2.6 Stealth
 + Level 4.9 Spellcasting
 * Level 8.2 Conjurations
 * Level 6.4 Fire Magic


You had 8 spell levels left.
You knew the following spells:

 Your Spells              Type           Power      Damage    Failure   Level
a - Magic Dart            Conj           100%       1d8       1%          1
b - Searing Ray           Conj           56%        2d6       1%          2
c - Fireball              Conj/Fire      12%        3d7       22%         5

Your spell library contained the following spells:

 Spells                   Type           Power      Damage    Failure   Level
 Dazzling Flash           Conj/Hex       32%        N/A       9%          3
 Pain                     Necr           12%        1d4       17%         1
 Summon Small Mammal      Summ           12%        N/A       17%         1
 Corpse Rot               Necr/Air       6%         N/A       26%         2
 Poisonous Vapours        Pois/Air       6%         N/A       26%         2
 Fulminant Prism          Conj/Hex       8%         3d7       30%         4
 Iskenderun's Mystic Bla  Conj/Tloc      16%        2d5       30%         4
 Portal Projectile        Hex/Tloc       6%         N/A       45%         3
 Swiftness                Air            3%         N/A       45%         3
 Starburst                Conj/Fire      12%        6d5       77%         6
 Agony                    Necr           3%         N/A       99%         5
 Blade Hands              Tmut           1%         N/A       99%         5
 Excruciating Wounds      Necr           1%         N/A       99%         5
 Silence                  Hex/Air        1%         N/A       99%         5
 Ignition                 Fire           11%        3d5       100%        8
 Chain Lightning          Conj/Air       8%         3d10      100%        9

Inventory:

Hand Weapons
 m - a +1 dagger of venom {short}
   (You took it off a kobold on level 2 of the Dungeon)
 u - a +2 falchion of freezing {long}
   (You took it off an orc on level 3 of the Dungeon)
 w - the +10 hunting sling of Nunluomy (weapon) {venom, *Slow rPois rC+++ Int-5, sling}
   (You found it on level 4 of the Dungeon)

   Any ammunition fired from it poisons the flesh of those it strikes.
   Int:       It affects your intelligence (-5).
   rC:        It renders you almost immune to cold.
   rPois:     It protects you from poison.
   *Slow:     It may slow you when you take damage.
Armour
 v - a +0 buckler
   (You found it on level 3 of the Dungeon)
Jewellery
 l - a +6 ring of dexterity (left tentacle)
   (You found it on level 1 of the Dungeon)
 o - a ring of protection from cold (right tentacle)
   (You found it on level 2 of the Dungeon)
 B - a ring of positive energy (on tentacle)
   (You found it on level 6 of the Dungeon)
 G - a ring of protection from fire (on tentacle)
   (You found it on level 6 of the Dungeon)
Wands
 D - a wand of iceblast (13)
   (You found it on level 6 of the Dungeon)
 F - a wand of digging (5)
   (You found it on level 6 of the Dungeon)
 J - a wand of paralysis (7)
   (You found it on level 7 of the Dungeon)
Scrolls
 c - 4 scrolls of teleportation {@r4}
 e - 2 scrolls of fear
 f - 5 scrolls of enchant armour
 i - a scroll of amnesia
 q - 2 scrolls of fog
 r - 2 scrolls of silence {unknown}
 x - 2 scrolls of magic mapping {unknown}
 y - a scroll of immolation {!r!r}
 z - a scroll of holy word
 C - a scroll of vulnerability {unknown}
 H - a scroll of torment {unknown}
 I - 2 scrolls of noise {unknown}
Potions
 a - 2 potions of magic
 b - a potion of attraction {unknown}
 d - 2 potions of berserk rage {unknown}
 g - 2 potions of haste {@q3}
 h - 3 potions of degeneration {!q@e2}
 j - a potion of invisibility {unknown}
 k - a potion of flight {unknown}
 n - a potion of might {unknown}
 p - 2 potions of cancellation {unknown}
 s - 2 potions of heal wounds {unknown}
 t - 4 potions of curing {@q1}
 A - a potion of lignification {unknown}
 E - a potion of brilliance {unknown}

Dungeon Overview and Level Annotations

Branches:
Dungeon (7/15)             Temple (1/1) D:6

Altars:
Ashenzari
Fedhas
Hepliaklqana
Kikubaaqudgha
Makhleb
Okawaru
Qazlal
Sif Muna
Trog
Vehumet
Wu Jian
Xom
Zin
The Shining One

Shops:
D:4 * D:5

* ## #.# c...##### #.#
#.......###.##
#c##..[####
#######.#.......#
................######.#
#######.#.....>........#
#.##c.....#.#######
#..@...............
#####.......######.
###.....# #. ####†## #.
#.# #. #.# #. #.# #.#
#.# #.. #.#########


You could see a centaur.


Message History

z - a scroll of holy word
Found a stone staircase leading down.
There is a stone staircase leading down here.
I - a scroll labelled KOCZYR WORIN
J - a wand of paralysis (7)
You now have 363 gold pieces (gained 12).
I - 2 scrolls labelled KOCZYR WORIN (gained 1)
Found a stone staircase leading down.
A bullfrog comes into view.
Okay, then.
Fire: w) +10 hunting sling of Nunluomy {venom, *Slow rPois rC+++ Int-5, sling}
Press: ? - help, Q - select action, (/) - cycle Shift-Dir - straight line You shoot a sling bullet.
The bullfrog gives a loud, deep croak!
Fire: w) +10 hunting sling of Nunluomy {venom, *Slow rPois rC+++ Int-5, sling}
Press: ? - help, Q - select action, (/) - cycle Shift-Dir - straight line, f - bullfrog
Aim: a bullfrog (62% to hit)
You shoot a sling bullet. The sling bullet hits the bullfrog!
The bullfrog looks as sick as possible!
You shoot a sling bullet. The sling bullet hits the bullfrog.
The bullfrog looks as sick as possible!
The bullfrog closely misses you.
You shoot a sling bullet.
The sling bullet hits the bullfrog but does no damage.
The bullfrog looks as sick as possible!
You kill the bullfrog!
Vehumet accepts your kill.
You see here a bullfrog corpse.
Found a dazzling chain mail.
A hound comes into view.
A hound is nearby!
You shoot a sling bullet. The hound barks!
The sling bullet hits the hound!
The hound looks as sick as possible!
You kill the hound!
Vehumet accepts your kill.
No target in view!
You see here the +2 chain mail of Watchfulness {Rampage}.
A centaur comes into view. It is wielding a +0 trident.
You see here a scroll of teleportation {@r4}.
Unknown command.
You shoot a sling bullet.
The sling bullet closely misses the centaur.
The centaur shouts!
The centaur unwields a +0 trident.
The centaur wields a +0 shortbow.
The centaur shoots an arrow.
The arrow hits you!
The centaur shoots an arrow.
The arrow barely misses you.
HP[-10]
You take 10 damage, and now have 36/46 hp.
MASSIVE DAMAGE!! (PAUSE)
You shoot a sling bullet.
The sling bullet closely misses the centaur.
The centaur shoots an arrow.
The arrow hits you.
The centaur shoots an arrow.
The arrow hits you!
* * * LOW HITPOINT WARNING * * *
HP[-18]
You take 18 damage, and now have 18/46 hp.
MASSIVE DAMAGE!! (PAUSE)
Casting: Searing Ray (safe; 1% risk of failure)
Confirm with . or Enter, or press ? or * to list all spells.
You can't see any susceptible monsters within range! (Use Z to cast anyway.) HP[+1]
Casting: Searing Ray (safe; 1% risk of failure)
Confirm with . or Enter, or press ? or * to list all spells.
The spell is quite dangerous to miscast (21% risk of failure)!
Continue anyway?
Aiming: Fireball (quite dangerous; 21% risk of failure)
Press: ? - help, Shift-Dir - straight line
Okay, then.
The centaur shoots an arrow.
The arrow closely misses you.
The centaur shoots an arrow.
The arrow hits you.
* * * LOW HITPOINT WARNING * * *
HP[-5]
You take 5 damage, and now have 14/46 hp.
The centaur shoots an arrow.
The arrow hits you!
* * * LOW HITPOINT WARNING * * *
The centaur shoots an arrow.
The arrow barely misses you.
HP[-11]
You take 11 damage, and now have 3/46 hp.
MASSIVE DAMAGE!! (PAUSE) It was a potion of degeneration.
There was something very wrong with that liquid.
You feel weakened.
You feel dopey.
You feel clumsy.
It was a potion of curing.
You feel better.
HP[+11]
You regained 11 hp, and now have 14/46 hp.
Casting: Fireball (extremely dangerous; 22% risk of failure)
Confirm with . or Enter, or press ? or * to list all spells.
Aiming: Searing Ray (safe; 1% risk of failure)
Press: ? - help, Shift-Dir - straight line, f/p - centaur
Aim: a centaur, wielding a +0 shortbow (87% to hit)
The searing ray hits the centaur! (Press . to maintain the ray.)
The centaur unwields a +0 shortbow.
The centaur wields a +0 trident.
The centaur hits you with a +0 trident.
* * * LOW HITPOINT WARNING * * *
The centaur closely misses you.
HP[-4] MP[-2]
You take 4 damage, and now have 10/46 hp.
You lost 2 mp, and now have 13/15 mp.
The searing ray hits the centaur.
The centaur hits you with a +0 trident!
You die...

Skill      XL: |  1  2  3  4  5  6  7  8 |
---------------+-------------------------+-----
Fire Magic     | 1 2 3 5 6 |  6.4
Conjurations   | 5 6 7 8 |  8.2
Spellcasting   | 3 4 |  4.9
Dodging        | |  2.0
Stealth        | |  2.6

Action                   |  1- 3 |  4- 6 |  7- 9 || total
-------------------------+-------+-------+-------++-------
Melee: Short sword       |     4 |       |       ||     4
       Constrict         |     2 |     4 |       ||     6
       Tentacles         |     1 |     3 |       ||     4
       Dagger            |     1 |     4 |       ||     5
       Falchion          |       |     6 |       ||     6
       Punch             |       |     1 |       ||     1
 Fire: Hunting sling     |       |     3 |   105 ||   108
 Cast: Magic Dart        |    56 |   126 |       ||   182
       Searing Ray       |     1 |    10 |     4 ||    15
  Use: Potion            |       |     1 |     2 ||     3
       Scroll            |       |       |     7 ||     7
Armor: Skin              |       |       |     6 ||     6
Dodge: Dodged            |     4 |    21 |    26 ||    51

Levels and vault maps discovered:
D:1:      minmay_arrival_three_doors, layout_loops_corners
D:2:      cheibrodos_helix_gallery, layout_basic,
          nicolae_ecumenical_lake_church, kennysheep_nub
D:3:      layout_loops_corners, grunt_ministairs_9, minmay_misc_feat_rows,
          kennysheep_generic_room_9
D:4:      layout_cave_pools, serial_shops, shop_statue, uniq_duvessa
D:5:      layout_gridville, okawaru_trees_2, guppyfry_shop_venom
D:6:      layout_rooms, mainiacjoe_overflow_cross_hatched,
          mainiacjoe_overflow_brackets, minmay_temple_entry_junction_2
D:7:      layout_loops_ring
Temple:   minmay_temple_bridge_abc

Notes
Turn   | Place    | Note
-------+----------+-------------------------------------------
     0 | D:1      | zeratav the Octopode Conjurer began the quest for the Orb.
     0 | D:1      | Reached XP level 1. HP: 11/11 MP: 3/3
     0 | D:1      | magus.rc [v1.9.6]
   185 | D:1      | Reached XP level 2. HP: 17/17 MP: 0/5
   515 | D:1      | You pick up a book of Fire and begin reading...
   515 | D:1      | You add the spells Fireball, Starburst and Ignition to your
                  | library.
   917 | D:1      | Reached skill level 1 in Fire Magic
   920 | D:1      | Reached XP level 3. HP: 19/21 MP: 0/6
   923 | D:1      | Learned a level 2 spell: Searing Ray
  1150 | D:1      | You pick up a book of Weapons and begin reading...
  1150 | D:1      | You add the spells Portal Projectile, Excruciating Wounds
                  | and Blade Hands to your library.
  1558 | D:2      | Reached XP level 4. HP: 27/27 MP: 4/7
  1807 | D:2      | Reached skill level 5 in Conjurations
  2082 | D:2      | Found a faded altar of an unknown god.
  2121 | D:2      | Reached XP level 5. HP: 31/31 MP: 2/9
  2456 | D:3      | Reached skill level 2 in Fire Magic
  2710 | D:3      | You pick up a book of the Senses and begin reading...
  2710 | D:3      | You add the spells Agony and Silence to your library.
  2797 | D:3      | Reached skill level 3 in Spellcasting
  3855 | D:3      | Reached XP level 6. HP: 22/36 MP: 4/10
  4055 | D:4      | You add the spells Summon Small Mammal, Corpse Rot,
                  | Poisonous Vapours, Swiftness and Chain Lightning to your
                  | library.
  4055 | D:4      | Got the Guide on the Floating Entourage
  4107 | D:4      | Found Ricliss's General Store.
  4210 | D:4      | HP: 1/36 [orc/+0 flail (11)]
  4513 | D:4      | Reached skill level 3 in Fire Magic
  4707 | D:4      | Reached skill level 6 in Conjurations
  4929 | D:4      | Identified the +10 hunting sling of Nunluomy {venom, *Slow
                  | rPois rC+++ Int-5}
  4938 | D:4      | Noticed a black bear
  5126 | D:4      | Killed a black bear
  5127 | D:4      | Reached XP level 7. HP: 34/41 MP: 12/12
  5140 | D:4      | Noticed Duvessa
  5146 | D:4      | Killed Duvessa
  5147 | D:4      | Reached skill level 4 in Fire Magic
  5151 | D:4      | Noticed Dowan
  5157 | D:4      | Killed Dowan
  5432 | D:4      | Reached skill level 4 in Spellcasting
  5665 | D:5      | Entered Level 5 of the Dungeon
  5708 | D:5      | Found an iron altar of Okawaru.
  5735 | D:5      | Reached skill level 7 in Conjurations
  5826 | D:5      | Reached skill level 5 in Fire Magic
  5826 | D:5      | Reached XP level 8. HP: 22/46 MP: 2/14
  6348 | D:5      | Found Hiasemann's Serpentskin Sales.
  6736 | D:6      | Found a staircase to the Ecumenical Temple.
  6756 | Temple   | Entered the Ecumenical Temple
  6779 | Temple   | Became a worshipper of Vehumet
  7013 | D:6      | Reached skill level 8 in Conjurations
  7013 | D:6      | Reached skill level 6 in Fire Magic
  7137 | D:6      | Found a burning altar of Makhleb.
  7168 | D:6      | Found a glowing silver altar of Zin.
  7194 | D:6      | You pick up a book of Pain and begin reading...
  7299 | D:6      | Learned a level 5 spell: Fireball
  7783 | D:7      | Identified the +2 chain mail of Watchfulness {Rampage}
  7801 | D:7      | HP: 3/46 [centaur/arrow (11)]
  7806 | D:7      | Slain by a centaur

Vanquished Creatures
  A steam dragon (D:6)
  Duvessa (D:4)
  An ice beast (D:5)
  A sky beast (D:6)
  2 black bears
  An ogre (D:4)
  A phantom (D:5)
  A bullfrog (D:7)
  Dowan (D:4)
  2 jellies
  5 hounds
  2 orc priests
  An orc wizard (D:5)
  3 iguanas
  18 adders
  4 gnolls (D:4)
  A shadow imp (D:6)
  2 white imps
  3 ufetubi
  2 worms
  2 dart slugs
  12 orcs
  9 bats
  7 endoplasms
  5 giant cockroaches
  3 goblins
  4 hobgoblins
  8 jackals
  A quokka (D:5)
  10 ball pythons
  5 frilled lizards
  10 kobolds
  3 rats
132 creatures vanquished.

Table legend:
 A = Non-vault XP
 B = Vault XP
 C = Vault XP percentage of total XP
 D = Non-vault monster count
 E = Vault monster count
 F = Vault count percentage of total count
                 A         B        C        D         E       F
            +---------+---------+-------+---------+---------+-------
      Total |    2027 |     248 |  10.9 |     124 |       8 |   6.1
            +---------+---------+-------+---------+---------+-------
        D:1 |      41 |       0 |   0.0 |      23 |       0 |   0.0
        D:2 |     112 |      15 |  11.8 |      26 |       2 |   7.1
        D:3 |     157 |       3 |   1.9 |      27 |       2 |   6.9
        D:4 |     502 |     216 |  30.1 |      23 |       2 |   8.0
        D:5 |     557 |      14 |   2.5 |      14 |       2 |  12.5
        D:6 |     531 |       0 |   0.0 |       9 |       0 |   0.0
        D:7 |     127 |       0 |   0.0 |       2 |       0 |   0.0
            +---------+---------+-------+---------+---------+-------

Illustrated notes

Table legend:
 A = Kills in this place as a percentage of kills in entire the game.
 B = Kills by you in this place as a percentage of kills by you in the entire game.
 C = Kills by friends in this place as a percentage of kills by friends in the entire game.
 D = Other kills in this place as a percentage of other kills in the entire game.
 E = Experience gained in this place as a percentage of experience gained in the entire game.
 F = Experience gained in this place divided by the number of levels of this place that you have seen.
                   A       B       C       D       E      F
               +-------+-------+-------+-------+-------+----------------------
         Total | 100.0 | 100.0 |   N/A |   N/A | 100.0 | 284.4
       Dungeon | 100.0 | 100.0 |   N/A |   N/A | 100.0 | 325.0
               +-------+-------+-------+-------+-------+----------------------

Table legend: (Time is in decaauts)
 A = Elapsed time spent in this place.
 B = Non-inter-level travel time spent in this place.
 C = Inter-level travel time spent in this place.
 D = Time resting spent in this place.
 E = Time spent auto-exploring this place.
 F = Levels seen in this place.
 G = Mean time per level.
                   A        B        C        D        E       F      G
               +--------+--------+--------+--------+--------+-----+--------+
         Total |   7843 |   7450 |    393 |   1831 |   4763 |   8 |  980.4 |
       Dungeon |   7799 |   7447 |    352 |   1831 |   4763 |   7 | 1114.1 |
        Temple |     43 |      2 |     41 |      0 |      0 |   1 |   43.0 |
               +--------+--------+--------+--------+--------+-----+--------+

Top non-repeatable levels by time:
     D:3: 2481 daAuts
     D:1: 1221 daAuts
     D:2: 1194 daAuts
     D:5: 975 daAuts
     D:6: 959 daAuts
     D:4: 769 daAuts
     D:7: 197 daAuts
  Temple: 43 daAuts
